[ AOE2 MATCH · #506621114 ]
UnrankedShu vs Vikings
Player's team · WIN
Rival team · LOSS
[ REPLAY ANALYSIS · EXTRACTED FROM THE RECORDED GAME ]
Feudal
8:50
Castle
20:14
Imperial
—
| APM avg | 66.0 |
| APM peak | 111 |
| eAPM avg | 34.7 |
| Villagers / military | 76 / 49 |
Focus
⚔️ 39.7% · 🌾 60.3%
Skirmisher ×25 · Archer ×13 · Monk ×5 · Mangonel ×4 · Spearman ×2
Feudal
10:43
Castle
20:06
Imperial
—
| APM avg | 80.5 |
| APM peak | 124 |
| eAPM avg | 46.4 |
| Villagers / military | 78 / 63 |
Focus
⚔️ 63.0% · 🌾 37.0%
Knight ×28 · Archer ×17 · Mangonel ×9 · Militia ×6 · Scout Cavalry ×3
Match map
Initial resources + every placement click. Lines = walls · curves = elevation contours. ◆ gold · ⬟ stone · ● berries · ✦ relic · ◌ wall gap
Your base· Open — 6t gap
ITA | Circondati's base· ✓ Closed at 20:06 · 60t walls · 1 gate(s)
Smoothed initial terrain · ◌ = detected wall gap · hover for details
Inputs per minute
— CNZS_迷你车仁 - - ITA | Circondati
Build order — CNZS_迷你车仁
First 150 of 216 actions detected
| 0:00 | Queue | Villager (Male) |
| 0:00 | Queue | Villager (Male) |
| 0:01 | Build | House |
| 0:04 | Build | House |
| 0:08 | Queue | Villager (Male) |
| 0:08 | Queue | Villager (Male) |
| 1:24 | Queue | Villager (Male) |
| 1:44 | Build | Lumber Camp |
| 1:59 | Queue | Villager (Male) |
| 1:59 | Queue | Villager (Male) |
| 2:16 | Queue | Villager (Male) |
| 2:41 | Queue | Villager (Male) |
| 3:10 | Queue | Villager (Male) |
| 3:30 | Queue | Villager (Male) |
| 3:41 | Build | House |
| 3:42 | Build | House |
| 3:47 | Queue | Villager (Male) |
| 4:16 | Queue | Villager (Male) |
| 4:16 | Queue | Villager (Male) |
| 4:17 | Queue | Villager (Male) |
| 4:31 | Queue | Villager (Male) |
| 4:55 | Build | Mill |
| 5:47 | Research | Loom |
| 6:27 | Research | Feudal Age |
| 6:27 | Research | Feudal Age |
| 7:18 | Build | Barracks |
| 7:29 | Build | House |
| 7:33 | Build | Palisade Wall |
| 7:34 | Build | Palisade Wall |
| 7:37 | Build | Palisade Wall |
| 7:52 | Build | Palisade Wall |
| 7:53 | Build | Palisade Wall |
| 7:54 | Build | Palisade Wall |
| 7:55 | Build | Palisade Wall |
| 7:56 | Build | Palisade Wall |
| 8:19 | Queue | Villager (Male) |
| 8:19 | Queue | Villager (Male) |
| 8:32 | Queue | Villager (Male) |
| 8:50 | Age | Feudal Age |
| 9:00 | Build | Archery Range |
| 9:13 | Research | Double-Bit Axe |
| 9:13 | Research | Horse Collar |
| 9:15 | Queue | Villager (Male) |
| 9:28 | Queue | Villager (Male) |
| 9:49 | Build | Farm |
| 9:50 | Queue | Skirmisher |
| 9:50 | Queue | Skirmisher |
| 10:00 | Queue | Skirmisher |
| 10:04 | Queue | Villager (Male) |
| 10:22 | Build | Farm |
| 10:31 | Queue | Villager (Male) |
| 10:36 | Build | Farm |
| 10:43 | Queue | Skirmisher |
| 10:57 | Queue | Villager (Male) |
| 11:09 | Build | House |
| 11:31 | Build | Farm |
| 11:32 | Build | Farm |
| 11:33 | Queue | Villager (Male) |
| 11:41 | Queue | Villager (Male) |
| 11:46 | Queue | Skirmisher |
| 11:46 | Queue | Skirmisher |
| 11:47 | Queue | Skirmisher |
| 11:47 | Queue | Skirmisher |
| 12:09 | Queue | Villager (Male) |
| 12:10 | Queue | Spearman |
| 12:25 | Build | Mining Camp |
| 12:49 | Build | House |
| 12:50 | Build | House |
| 12:53 | Build | Farm |
| 13:12 | Build | Farm |
| 13:19 | Queue | Villager (Male) |
| 13:30 | Build | Farm |
| 13:32 | Queue | Villager (Male) |
| 13:44 | Queue | Villager (Male) |
| 14:02 | Build | Blacksmith |
| 14:15 | Queue | Skirmisher |
| 14:15 | Queue | Skirmisher |
| 14:22 | Queue | Villager (Male) |
| 14:34 | Queue | Villager (Male) |
| 14:36 | Build | Farm |
| 14:43 | Queue | Skirmisher |
| 14:48 | Build | House |
| 14:51 | Queue | Villager (Male) |
| 14:54 | Queue | Skirmisher |
| 14:56 | Research | Fletching |
| 15:14 | Build | House |
| 15:24 | Queue | Villager (Male) |
| 15:33 | Build | Lumber Camp |
| 15:38 | Queue | Skirmisher |
| 15:57 | Build | Watch Tower |
| 15:57 | Research | Padded Archer Armor |
| 15:57 | Research | Padded Archer Armor |
| 15:59 | Queue | Skirmisher |
| 16:00 | Queue | Spearman |
| 16:24 | Queue | Villager (Male) |
| 16:38 | Queue | Villager (Male) |
| 16:40 | Build | Mining Camp |
| 16:44 | Build | Farm |
| 16:45 | Build | Farm |
| 16:46 | Build | Farm |
| 17:13 | Build | Watch Tower |
| 17:34 | Research | Castle Age |
| 17:35 | Research | Castle Age |
| 17:58 | Queue | Skirmisher |
| 17:58 | Queue | Skirmisher |
| 18:21 | Queue | Villager (Male) |
| 18:23 | Queue | Skirmisher |
| 18:37 | Queue | Skirmisher |
| 18:45 | Build | Archery Range |
| 18:48 | Build | House |
| 18:58 | Queue | Skirmisher |
| 18:58 | Queue | Skirmisher |
| 19:17 | Research | Gold Mining |
| 19:18 | Queue | Skirmisher |
| 19:18 | Queue | Skirmisher |
| 19:19 | Queue | Villager (Male) |
| 19:21 | Build | House |
| 19:22 | Build | House |
| 19:33 | Queue | Skirmisher |
| 19:45 | Queue | Skirmisher |
| 19:45 | Queue | Skirmisher |
| 20:14 | Age | Castle Age |
| 20:16 | Build | Siege Workshop |
| 20:20 | Build | Town Center |
| 20:24 | Research | Bodkin Arrow |
| 20:24 | Research | Bodkin Arrow |
| 20:24 | Research | Leather Archer Armor |
| 20:47 | Queue | Mangonel |
| 20:52 | Queue | Villager (Male) |
| 21:16 | Queue | Villager (Male) |
| 21:20 | Queue | Villager (Male) |
| 21:25 | Research | Bow Saw |
| 21:53 | Queue | Villager (Male) |
| 21:54 | Research | Elite Skirmisher (upgrade) |
| 21:54 | Research | Elite Skirmisher (upgrade) |
| 21:55 | Queue | Villager (Male) |
| 21:55 | Queue | Villager (Male) |
| 22:36 | Queue | Villager (Male) |
| 22:39 | Build | Monastery |
| 23:03 | Queue | Villager (Male) |
| 23:10 | Queue | Monk |
| 23:16 | Queue | Villager (Male) |
| 23:28 | Build | Town Center |
| 23:37 | Queue | Villager (Male) |
| 23:37 | Queue | Villager (Male) |
| 23:44 | Build | House |
| 23:55 | Queue | Monk |
| 23:56 | Queue | Mangonel |
| 24:07 | Queue | Villager (Male) |
| 24:13 | Queue | Monk |
Build order — ITA | Circondati
First 150 of 239 actions detected
| 0:01 | Queue | Villager (Male) |
| 0:02 | Build | House |
| 0:02 | Build | House |
| 0:04 | Queue | Villager (Male) |
| 0:05 | Queue | Villager (Male) |
| 0:06 | Queue | Villager (Male) |
| 1:33 | Queue | Villager (Male) |
| 1:34 | Queue | Villager (Male) |
| 2:02 | Queue | Villager (Male) |
| 2:02 | Queue | Villager (Male) |
| 2:14 | Queue | Villager (Male) |
| 2:15 | Queue | Villager (Male) |
| 2:15 | Queue | Villager (Male) |
| 2:19 | Build | Lumber Camp |
| 2:31 | Queue | Villager (Male) |
| 2:55 | Queue | Villager (Male) |
| 3:27 | Queue | Villager (Male) |
| 3:27 | Queue | Villager (Male) |
| 3:27 | Queue | Villager (Male) |
| 3:27 | Queue | Villager (Male) |
| 3:55 | Build | House |
| 4:06 | Queue | Villager (Male) |
| 4:07 | Queue | Villager (Male) |
| 4:10 | Build | House |
| 4:25 | Queue | Villager (Male) |
| 4:25 | Queue | Villager (Male) |
| 4:45 | Build | Barracks |
| 4:52 | Queue | Villager (Male) |
| 5:09 | Queue | Villager (Male) |
| 5:24 | Queue | Villager (Male) |
| 5:25 | Queue | Villager (Male) |
| 5:34 | Queue | Villager (Male) |
| 5:50 | Build | House |
| 5:56 | Queue | Militia |
| 5:56 | Queue | Militia |
| 5:56 | Queue | Militia |
| 6:01 | Queue | Militia |
| 6:01 | Queue | Militia |
| 6:01 | Queue | Militia |
| 6:19 | Queue | Villager (Male) |
| 6:19 | Queue | Villager (Male) |
| 6:35 | Queue | Villager (Male) |
| 6:37 | Build | Mill |
| 7:07 | Queue | Villager (Male) |
| 7:24 | Queue | Villager (Male) |
| 7:26 | Build | House |
| 7:27 | Build | Palisade Wall |
| 7:33 | Build | Palisade Gate |
| 7:43 | Queue | Villager (Male) |
| 7:51 | Research | Loom |
| 8:22 | Build | Palisade Wall |
| 8:33 | Research | Feudal Age |
| 8:33 | Research | Feudal Age |
| 8:40 | Build | Palisade Wall |
| 8:44 | Build | Palisade Wall |
| 8:56 | Build | Palisade Wall |
| 8:57 | Build | Palisade Wall |
| 9:01 | Queue | Villager (Male) |
| 9:16 | Build | Palisade Wall |
| 9:19 | Queue | Villager (Male) |
| 9:41 | Build | House |
| 9:42 | Build | Palisade Wall |
| 9:46 | Queue | Villager (Male) |
| 9:49 | Build | House |
| 9:52 | Build | Palisade Wall |
| 10:06 | Build | Mining Camp |
| 10:32 | Build | Palisade Gate |
| 10:38 | Queue | Villager (Male) |
| 10:42 | Build | House |
| 10:43 | Age | Feudal Age |
| 10:44 | Build | Palisade Wall |
| 10:45 | Build | Palisade Wall |
| 10:51 | Build | Archery Range |
| 11:00 | Queue | Villager (Male) |
| 11:10 | Research | Double-Bit Axe |
| 11:10 | Research | Double-Bit Axe |
| 11:21 | Queue | Villager (Male) |
| 11:27 | Build | House |
| 11:38 | Build | Farm |
| 11:46 | Queue | Archer |
| 11:55 | Build | Palisade Wall |
| 12:02 | Build | Farm |
| 12:13 | Queue | Archer |
| 12:14 | Queue | Villager (Male) |
| 12:22 | Build | Farm |
| 12:28 | Queue | Villager (Male) |
| 12:46 | Build | Farm |
| 12:48 | Build | Farm |
| 12:50 | Queue | Archer |
| 12:52 | Queue | Villager (Male) |
| 13:00 | Build | Farm |
| 13:02 | Build | Farm |
| 13:03 | Queue | Villager (Male) |
| 13:09 | Queue | Archer |
| 13:09 | Queue | Archer |
| 13:15 | Build | Palisade Wall |
| 13:29 | Build | House |
| 13:31 | Build | Farm |
| 13:36 | Queue | Archer |
| 13:39 | Queue | Villager (Male) |
| 13:50 | Build | Farm |
| 14:07 | Build | Farm |
| 14:18 | Queue | Archer |
| 14:21 | Build | Farm |
| 14:31 | Build | Farm |
| 14:41 | Build | House |
| 14:45 | Queue | Archer |
| 14:48 | Queue | Villager (Male) |
| 15:24 | Build | Blacksmith |
| 15:26 | Queue | Archer |
| 15:32 | Queue | Villager (Male) |
| 15:47 | Build | Farm |
| 15:50 | Build | Palisade Wall |
| 16:02 | Queue | Villager (Male) |
| 16:03 | Queue | Archer |
| 16:08 | Build | Farm |
| 16:16 | Build | House |
| 16:22 | Queue | Villager (Male) |
| 16:23 | Queue | Archer |
| 16:54 | Build | Stable |
| 16:59 | Build | Watch Tower |
| 17:01 | Queue | Villager (Male) |
| 17:02 | Queue | Archer |
| 17:26 | Research | Castle Age |
| 17:26 | Research | Castle Age |
| 17:35 | Build | Watch Tower |
| 18:04 | Queue | Villager (Male) |
| 18:12 | Queue | Villager (Male) |
| 18:29 | Queue | Villager (Male) |
| 18:40 | Build | Market |
| 18:52 | Research | Fletching |
| 18:53 | Research | Fletching |
| 18:57 | Queue | Villager (Male) |
| 19:01 | Build | Mining Camp |
| 19:05 | Build | Palisade Wall |
| 19:06 | Build | Palisade Wall |
| 19:07 | Build | Palisade Wall |
| 19:16 | Queue | Villager (Male) |
| 19:22 | Queue | Scout Cavalry |
| 19:22 | Queue | Scout Cavalry |
| 19:22 | Queue | Scout Cavalry |
| 19:39 | Build | Palisade Wall |
| 19:47 | Queue | Villager (Male) |
| 19:50 | Build | House |
| 20:06 | Age | Castle Age |
| 20:07 | Queue | Knight |
| 20:08 | Research | Bodkin Arrow |
| 20:13 | Research | Crossbowman (upgrade) |
| 20:13 | Research | Crossbowman (upgrade) |
| 20:17 | Build | Farm |
Match timeline
| 4:45 | ITA | Circondati · first_building Barracks |
| 7:18 | CNZS_迷你车仁 · first_building Barracks |
| 7:27 | ITA | Circondati · wall_segment Palisade Wall x1 |
| 7:33 | CNZS_迷你车仁 · wall_segment Palisade Wall x2 |
| 7:34 | CNZS_迷你车仁 · wall_segment Palisade Wall x4 |
| 7:37 | CNZS_迷你车仁 · wall_segment Palisade Wall x1 |
| 7:52 | CNZS_迷你车仁 · wall_segment Palisade Wall x1 |
| 7:53 | CNZS_迷你车仁 · wall_segment Palisade Wall x1 |
| 7:54 | CNZS_迷你车仁 · wall_segment Palisade Wall x1 |
| 7:55 | CNZS_迷你车仁 · wall_segment Palisade Wall x1 |
| 7:56 | CNZS_迷你车仁 · wall_segment Palisade Wall x1 |
| 8:22 | ITA | Circondati · wall_segment Palisade Wall x5 |
| 8:40 | ITA | Circondati · wall_segment Palisade Wall x11 |
| 8:44 | ITA | Circondati · wall_segment Palisade Wall x7 |
| 8:50 | CNZS_迷你车仁 · age_up feudal |
| 8:56 | ITA | Circondati · wall_segment Palisade Wall x8 |
| 8:57 | ITA | Circondati · wall_segment Palisade Wall x4 |
| 9:00 | CNZS_迷你车仁 · first_building Archery Range |
| 9:16 | ITA | Circondati · wall_segment Palisade Wall x14 |
| 9:42 | ITA | Circondati · wall_segment Palisade Wall x1 |
| 9:52 | ITA | Circondati · wall_segment Palisade Wall x1 |
| 10:43 | ITA | Circondati · age_up feudal |
| 10:44 | ITA | Circondati · wall_segment Palisade Wall x1 |
| 10:45 | ITA | Circondati · wall_segment Palisade Wall x1 |
| 10:51 | ITA | Circondati · first_building Archery Range |
| 11:55 | ITA | Circondati · wall_segment Palisade Wall x1 |
| 13:15 | ITA | Circondati · wall_segment Palisade Wall x1 |
| 15:50 | ITA | Circondati · wall_segment Palisade Wall x1 |
| 16:54 | ITA | Circondati · first_building Stable |
| 19:05 | ITA | Circondati · wall_segment Palisade Wall x1 |
| 19:06 | ITA | Circondati · wall_segment Palisade Wall x1 |
| 19:07 | ITA | Circondati · wall_segment Palisade Wall x3 |
| 19:39 | ITA | Circondati · wall_segment Palisade Wall x1 |
| 19:58 | ITA | Circondati · first_market_sell 100 wood |
| 20:06 | ITA | Circondati · age_up castle |
| 20:14 | CNZS_迷你车仁 · age_up castle |
| 20:16 | CNZS_迷你车仁 · first_building Siege Workshop |
| 22:39 | CNZS_迷你车仁 · first_building Monastery |
| 23:09 | ITA | Circondati · first_building Siege Workshop |
| 23:56 | ITA | Circondati · first_market_buy 100 wood |
| 28:31 | ITA | Circondati · first_building Castle |
| 29:49 | ITA | Circondati · resign |
[ AI ANALYSIS · 1 CREDIT ]
What really happened in this match?
Wolo.gg analyzes every decision: build order, eco, micro, common mistakes by bracket. Personalized analysis on WhatsApp or Discord in 30 seconds.
Civ guide
Shu
Perfil
Jugador #5036165